 Dungeon Crawl Stone Soup version 0.30.0-5-g1a98f26d00 (webtiles) character file.

Game seed: 9766263722234540616

578 qeuew the Trooper (level 7, -6/55 HPs)
             Began as a Demonspawn Monk on May 8, 2023.
             Mangled by a wyvern (15 damage)
             ... on level 5 of the Dungeon.
             The game lasted 00:03:19 (3247 turns).

qeuew the Trooper (Demonspawn Monk)                 Turns: 3247, Time: 00:03:20

Health: -6/55      AC:  8    Str: 14    XL:     7   Next: 13%
Magic:  7/7        EV: 13    Int: 11    God:
Gold:   151        SH:  0    Dex: 15    Spells: 6/6 levels left

rFire   . . .        f - +0 flail
rCold   . . .        d - orb {light}
rNeg    . . .        j - +1 leather armour
rPois   .            (no helmet)
rElec   +            (no cloak)
rCorr   .            (no gloves)
SInv    .            (no boots)
Will    +....        (no amulet)
Stlth   +            e - ring of willpower
HPRegen 0.29/turn    (no ring)
MPRegen 0.20/turn

%: no passive effects
@: glowing
A: thin metallic scales 3, magic regeneration, demonic touch 1
a: no special abilities


You were on level 5 of the Dungeon.
You visited 1 branch of the dungeon, and saw 5 of its levels.

You collected 151 gold pieces.

Inventory:

Hand Weapons
 f - a +0 flail (weapon)
Armour
 d - an orb of light (worn)
 j - a +1 leather armour (worn)
Jewellery
 e - a ring of willpower (left hand)
Wands
 b - a wand of light (3)
Scrolls
 k - 2 scrolls of teleportation
 l - a scroll of enchant weapon
Potions
 c - a potion of haste
 g - a potion of curing
 i - a potion of ambrosia
 n - a potion of flight


   Skills:
 + Level 4.7 Fighting
 + Level 4.3 Maces & Flails
 + Level 3.1 Armour
 + Level 4.3 Dodging
 + Level 1.2 Evocations


You had 6 spell levels left.
You didn't know any spells.
Your spell library contained the following spells:

 Spells                   Type           Power      Damage    Failure   Level
 Sublimation of Blood     Necr           0%         N/A       54%         2
 Wereblood                Tmut           0%         N/A       54%         2
 Inner Flame              Hex/Fire       0%         N/A       78%         3
 Yara's Violent Unravell  Hex/Tmut       0%         3d3       100%        5
 Enfeeble                 Hex            0%         N/A       100%        7
 Summon Hydra             Summ           0%         N/A       100%        7


Dungeon Overview and Level Annotations

Branches:
Dungeon (4/15)
 Temple: D:4-7

Altars:


Innate Abilities, Weirdness & Mutations

You are completely covered in thin metallic scales. (AC +4, rElec)
You regenerate magic rapidly.
Your touch may inflict minor irresistible damage on your foes.


Message History

You are too injured to fight recklessly!
You are too injured to fight recklessly!
You are too injured to fight recklessly!
You are too injured to fight recklessly!
You are too injured to fight recklessly!
You are too injured to fight recklessly!
You are too injured to fight recklessly!
You are too injured to fight recklessly!
Unknown command.
You feel better. The wyvern barely misses you. The wyvern bites you!
* * * LOW HITPOINT WARNING * * *
You feel better. The wyvern bites you.
* * * LOW HITPOINT WARNING * * *
You feel better. The wyvern bites you. The wyvern misses you.
You barely miss the wyvern.
The wyvern is severely wounded.
The wyvern bites you but does no damage.
You hit the wyvern but do no damage.
The wyvern is severely wounded.
The wyvern closely misses you. The wyvern misses you.
You barely miss the wyvern.
The wyvern is severely wounded.
The wyvern closely misses you. The wyvern misses you.
You hit the wyvern but do no damage.
The wyvern is severely wounded.
The wyvern bites you but does no damage.
The wyvern bites you!
* * * LOW HITPOINT WARNING * * *
You hit the wyvern but do no damage.
The wyvern is severely wounded.
The wyvern misses you. The wyvern bites you.
* * * LOW HITPOINT WARNING * * *
You completely miss the wyvern.
The wyvern is severely wounded.
The wyvern bites you but does no damage.
You hit the wyvern but do no damage.
The wyvern is severely wounded.
The wyvern bites you but does no damage.
The wyvern bites you!
You die...

.# # .# # #. .#
#.##.###. #........
# #.......#
#######..
##....##.###........
...................
#....##.###@.......
#.#..##.# #l.......
#.##.##.# #.......#
#.......# #.......#
####.#### #.......#
#.# #######.. #.# #
# #.# ## #.#


You could see a wyvern.

Vanquished Creatures
  Grinder (D:3)
  A centaur (D:5)
  A scorpion (D:3)
  2 hounds
  Crazy Yiuf (D:3)
  An orc priest (D:5)
  Terence (D:2)
  2 adders
  A gnoll (D:1)
  A white imp (D:5)
  3 worms
  2 dart slugs
  4 orcs (D:5)
  4 ball pythons (D:1)
  8 endoplasms
  A giant cockroach (D:1)
  3 goblins
  2 hobgoblins
  2 jackals (D:2)
  7 bats
  4 frilled lizards
  4 kobolds
  7 rats
63 creatures vanquished.

Notes
Turn   | Place    | Note
-------+----------+-------------------------------------------
     0 | D:1      | qeuew the Demonspawn Monk began the quest for the Orb.
     0 | D:1      | Reached XP level 1. HP: 18/18 MP: 1/1
    97 | D:1      | Gained mutation: Your touch may inflict minor irresistible
                  | damage on your foes. [demonic ancestry]
    97 | D:1      | Reached XP level 2. HP: 19/24 MP: 2/2
   318 | D:1      | Reached skill level 1 in Armour
   483 | D:1      | Reached XP level 3. HP: 27/29 MP: 3/3
   972 | D:2      | Noticed Terence
   989 | D:2      | Killed Terence
  1022 | D:2      | Gained mutation: You are partially covered in thin metallic
                  | scales. (AC +2) [demonic ancestry]
  1022 | D:2      | Reached XP level 4. HP: 35/35 MP: 4/4
  1111 | D:2      | Found a faded altar of an unknown god.
  1726 | D:3      | Noticed a scorpion
  1736 | D:3      | Killed a scorpion
  1737 | D:3      | Gained mutation: You regenerate magic rapidly. [demonic
                  | ancestry]
  1737 | D:3      | Reached XP level 5. HP: 29/42 MP: 5/5
  2139 | D:3      | Noticed Grinder
  2151 | D:3      | Killed Grinder
  2152 | D:3      | Gained mutation: You are mostly covered in thin metallic
                  | scales. (AC +3) [demonic ancestry]
  2152 | D:3      | Reached XP level 6. HP: 20/49 MP: 6/6
  2328 | D:3      | Found a runed translucent door.
  2329 | D:3      | Noticed Crazy Yiuf
  2824 | D:3      | Killed Crazy Yiuf
  2961 | D:4      | You fall into a shaft and drop 1 floor!
  2961 | D:5      | Entered Level 5 of the Dungeon
  3006 | D:5      | Reached skill level 1 in Evocations
  3155 | D:5      | Gained mutation: You are completely covered in thin
                  | metallic scales. (AC +4, rElec) [demonic ancestry]
  3155 | D:5      | Reached XP level 7. HP: 42/55 MP: 7/7
  3229 | D:5      | Noticed a wyvern
  3247 | D:5      | Mangled by a wyvern

Illustrated notes

Levels and vault maps discovered:
D:1:      nzn_arrival_crosshair, layout_loops_ring, minmay_heptomino_l4
D:2:      layout_loops_ring, basic_ecumenical_altar, uniq_terence
D:3:      layout_loops_corners, serial_bayou, serial_bayou_ford_a,
          serial_bayou_pond_c, serial_bayou_pond_c, serial_bayou_shore_b,
          serial_bayou_pond_a, hangedman_glass_teeth, uniq_grinder,
          uniq_crazy_yiuf_cottage
D:4:      layout_loops_ring, gammafunk_ghost_icy
D:5:      layout_loops_corners, mainiacjoe_overflow_six_doors_small,
          nicolae_underground_beach, uniq_edmund

Skill      XL: |  1  2  3  4  5  6 |
---------------+-------------------+-----
Dodging        | 3 4 |  4.3
Maces & Flails | 3 4 |  4.3
Armour         | 1 2 3 |  3.1
Fighting       | 4 |  4.7
Evocations     | 1 |  1.2

Action                     |  1- 3 |  4- 6 |  7- 9 || total
---------------------------+-------+-------+-------++-------
  Melee: Mace              |    91 |   134 |       ||   225
         Flail             |       |     7 |    14 ||    21
    Use: Potion            |     3 |     6 |     3 ||    12
         Scroll            |     3 |     4 |       ||     7
   Stab: Sleeping          |     1 |       |       ||     1
 Armour: Robe              |    13 |       |       ||    13
         Leather armour    |     7 |    47 |     4 ||    58
  Dodge: Dodged            |    72 |    91 |    13 ||   176
